TOP OF THE 1ST |
Billings Mustangs batting - Pitching for Magic Valley Magicians : RHP Kevin Aitcheson
|
Pitching: RHP Kevin Aitcheson
|
|
Batting: SHB Terrence Derby
|
0-0: Ball 1-0: Ball 2-0: Ball 3-0: Base on Balls
|
Batting: RHB Joseph Kramer
|
0-0: Ball 1-0: Ball 2-0: Ball 3-0: Base on Balls Terrence Derby to second
|
Batting: RHB James Hudson
|
0-0: Ball 1-0: Ball 2-0: Called Strike 2-1: Foul Ball, location: 2F 2-2: Grounds into double play, 6-4-3 (Groundball, 6, EV 85.6 MPH) Terrence Derby to third
|
Batting: LHB Dave Verkuilen
|
0-0: SINGLE (Groundball, 4MD, EV 105.0 MPH) Terrence Derby scores
|
Batting: RHB Bob Berry
|
0-0: Called Strike 0-1: Ball 1-1: Foul Ball, location: 2F 1-2: Ball 2-2: Fly out, F8 (Line Drive, 8RD, EV 91.9 MPH)
|
Top of the 1st over - 1 run, 1 hit, 0 errors, 1 left on base; Billings 1 - Magic Valley 0 |
BOTTOM OF THE 1ST |
Magic Valley Magicians batting - Pitching for Billings Mustangs : LHP Rick Felt
|
Pitching: LHP Rick Felt
|
|
Batting: RHB Kevin Ward
|
0-0: Called Strike 0-1: Ball 1-1: Fly out, F4 (Flyball, 34D, EV 89.4 MPH)
|
Batting: RHB Terry Steinbach
|
0-0: Ball 1-0: Fly out, F7 (Flyball, 7LS, EV 90.0 MPH)
|
Batting: RHB Matt Cimo
|
0-0: Ball 1-0: Foul Ball, location: 2F 1-1: Swinging Strike 1-2: Foul Ball, location: 2F 1-2: Ball 2-2: Ball 3-2: TRIPLE (Flyball, 78XD, EV 104.4 MPH)
|
Batting: RHB Marlin McPhail
|
0-0: Ball 1-0: Ball 2-0: Ball 3-0: Called Strike 3-1: Base on Balls
|
Batting: RHB Terry Edwards
|
0-0: Ball 1-0: Ball 2-0: Ball 3-0: Base on Balls Marlin McPhail to second
|
Batting: RHB Hank Landers
|
0-0: Foul Ball, location: 2F 0-1: Ball 1-1: Fielders Choice at 2nd, 5-4 (Groundball, 56, EV 104.4 MPH)
|
Bottom of the 1st over - 0 runs, 1 hit, 0 errors, 3 left on base; Billings 1 - Magic Valley 0 |
TOP OF THE 2ND |
Billings Mustangs batting - Pitching for Magic Valley Magicians : RHP Kevin Aitcheson
|
Batting: RHB Randy Day
|
0-0: Called Strike 0-1: Ball 1-1: Foul Ball, location: 2F 1-2: Ground out U3 (Groundball, 3, EV 75.6 MPH)
|
Batting: RHB Leonidas Nolasco
|
0-0: Called Strike 0-1: Called Strike 0-2: Fly out, F7 (Flyball, 7S, EV 90.6 MPH)
|
Batting: RHB Brian Milner
|
0-0: Ball 1-0: Ball 2-0: SINGLE (Line Drive, 6D, EV 103.8 MPH)
|
Batting: RHB Eric Halberg
|
0-0: Ball 1-0: Called Strike 1-1: Ball 2-1: Fly out, F8 (Flyball, 8RD, EV 105.6 MPH)
|
Top of the 2nd over - 0 runs, 1 hit, 0 errors, 1 left on base; Billings 1 - Magic Valley 0 |
BOTTOM OF THE 2ND |
Magic Valley Magicians batting - Pitching for Billings Mustangs : LHP Rick Felt
|
Batting: RHB James Dennett
|
0-0: Called Strike 0-1: Fly out, F9 (Flyball, 9LM, EV 93.1 MPH)
|
Batting: RHB Bruce Seid
|
0-0: Called Strike 0-1: Foul Ball, location: 2F 0-2: Strikes out swinging
|
Batting: RHB Manny Ramirez
|
0-0: Ball 1-0: Called Strike 1-1: Ball 2-1: Ball 3-1: Base on Balls
|
Batting: RHB Kevin Ward
|
0-0: Foul Ball, location: 2F 0-1: SINGLE (Groundball, 6MD, EV 107.5 MPH) Manny Ramirez to second Runner from 2nd tries for 3rd, SAFE, throw by CF made to third
|
Batting: RHB Terry Steinbach
|
0-0: Called Strike 0-1: Ground out U3 (Groundball, 34S, EV 83.8 MPH)
|
Bottom of the 2nd over - 0 runs, 1 hit, 0 errors, 2 left on base; Billings 1 - Magic Valley 0 |
TOP OF THE 3RD |
Billings Mustangs batting - Pitching for Magic Valley Magicians : RHP Kevin Aitcheson
|
Batting: SHB Terrence Derby
|
0-0: Called Strike 0-1: Called Strike 0-2: Ball 1-2: Ground out 5-3 (Groundball, 56, EV 88.1 MPH)
|
Batting: RHB Joseph Kramer
|
0-0: Swinging Strike 0-1: DOUBLE (Flyball, 8RXD, EV 109.4 MPH)
|
Batting: RHB James Hudson
|
0-0: Ball 1-0: Ground out 5-3 (Groundball, 56S, EV 69.4 MPH) Joseph Kramer to third
|
Batting: LHB Dave Verkuilen
|
0-0: Called Strike 0-1: Called Strike 0-2: Ball 1-2: Ball 2-2: Ball 3-2: Foul Ball, location: 2F 3-2: Base on Balls
|
Batting: RHB Bob Berry
|
0-0: Ball 1-0: Ball 2-0: Foul Ball, location: 2F 2-1: Ball Wild Pitch! Joseph Kramer scores Dave Verkuilen to second 3-1: Base on Balls
|
Batting: RHB Randy Day
|
0-0: Ball 1-0: Ball 2-0: Fly out, F9 (Flyball, 9S, EV 85.6 MPH)
|
Top of the 3rd over - 1 run, 1 hit, 0 errors, 2 left on base; Billings 2 - Magic Valley 0 |
BOTTOM OF THE 3RD |
Magic Valley Magicians batting - Pitching for Billings Mustangs : LHP Rick Felt
|
Batting: RHB Matt Cimo
|
0-0: Fly out, F9 (Flyball, 9LS, EV 84.4 MPH)
|
Batting: RHB Marlin McPhail
|
0-0: Swinging Strike 0-1: Ball 1-1: Foul Ball, location: 2F 1-2: Strikes out looking
|
Batting: RHB Terry Edwards
|
0-0: Ball 1-0: Ball 2-0: Ball 3-0: Base on Balls
|
Batting: RHB Hank Landers
|
0-0: Foul Ball, location: 2F 0-1: SINGLE (Flyball, 4MD, EV 92.5 MPH) Terry Edwards to second Runner from 2nd tries for 3rd, SAFE, throw by CF made to third
|
Batting: RHB James Dennett
|
0-0: Foul Ball, location: 2F 0-1: Ball Wild Pitch! Terry Edwards scores Hank Landers to second 1-1: Called Strike 1-2: Foul Ball, location: 2F 1-2: Ball 2-2: Ball 3-2: Foul Ball, location: 2F 3-2: Strikes out swinging
|
Bottom of the 3rd over - 1 run, 1 hit, 0 errors, 1 left on base; Billings 2 - Magic Valley 1 |
TOP OF THE 4TH |
Billings Mustangs batting - Pitching for Magic Valley Magicians : RHP Kevin Aitcheson
|
Batting: RHB Leonidas Nolasco
|
0-0: Called Strike 0-1: Swinging Strike 0-2: SINGLE (Groundball, 56D, EV 93.8 MPH)
|
Batting: RHB Brian Milner
|
0-0: Ball 1-0: Fly out, F7 (Flyball, 7, EV 97.5 MPH)
|
Pitching: RHP Larry Beardman
|
|
Batting: RHB Eric Halberg
|
0-0: Ball 1-0: Called Strike 1-1: Ball 2-1: Foul Ball, location: 2F 2-2: Foul Ball, location: 2F 2-2: Fielders Choice at 2nd, 1-6 (Groundball, 13S, EV 63.8 MPH)
|
Batting: SHB Terrence Derby
|
0-0: Called Strike 0-1: Ball 1-1: Ball 2-1: Ball 3-1: Foul Ball, location: 2F 3-2: Fly out, F8 (Flyball, 78M, EV 86.3 MPH)
|
Top of the 4th over - 0 runs, 1 hit, 0 errors, 1 left on base; Billings 2 - Magic Valley 1 |
BOTTOM OF THE 4TH |
Magic Valley Magicians batting - Pitching for Billings Mustangs : LHP Rick Felt
|
Batting: RHB Bruce Seid
|
0-0: Fly out, F7 (Line Drive, 7, EV 91.9 MPH)
|
Batting: RHB Manny Ramirez
|
0-0: Swinging Strike 0-1: Foul Ball, location: 2F 0-2: Ground out 5-3 (Groundball, 56S, EV 69.4 MPH)
|
Batting: RHB Kevin Ward
|
0-0: Ball 1-0: Ball 2-0: Ball 3-0: Called Strike 3-1: DOUBLE (Groundball, 5L, EV 105.6 MPH)
|
Batting: RHB Terry Steinbach
|
0-0: Ball 1-0: Swinging Strike 1-1: Called Strike 1-2: Fly out, F9 (Flyball, 89D, EV 93.1 MPH)
|
Bottom of the 4th over - 0 runs, 1 hit, 0 errors, 1 left on base; Billings 2 - Magic Valley 1 |
TOP OF THE 5TH |
Billings Mustangs batting - Pitching for Magic Valley Magicians : RHP Larry Beardman
|
Batting: RHB Joseph Kramer
|
0-0: Called Strike 0-1: Ball 1-1: Ball 2-1: Fly out, F8 (Flyball, 8RXD, EV 75.0 MPH)
|
Batting: RHB James Hudson
|
0-0: Ball 1-0: Ball 2-0: Ball 3-0: Base on Balls
|
Batting: LHB Dave Verkuilen
|
0-0: Called Strike 0-1: Ball 1-1: Ball 2-1: Called Strike 2-2: Fly out, F8 (Flyball, 8LD, EV 98.1 MPH)
|
Batting: RHB Bob Berry
|
0-0: Foul Ball, location: 2F 0-1: Swinging Strike 0-2: Ground out 1-3 (Groundball, 13, EV 75.0 MPH)
|
Top of the 5th over - 0 runs, 0 hits, 0 errors, 1 left on base; Billings 2 - Magic Valley 1 |
BOTTOM OF THE 5TH |
Magic Valley Magicians batting - Pitching for Billings Mustangs : LHP Rick Felt
|
Batting: RHB Matt Cimo
|
0-0: Ball 1-0: Called Strike 1-1: Called Strike 1-2: Ball 2-2: Strikes out swinging
|
Batting: RHB Marlin McPhail
|
0-0: Ball 1-0: Ball 2-0: Called Strike 2-1: Foul Ball, location: 2F 2-2: Foul Ball, location: 2F 2-2: Ball 3-2: DOUBLE (Line Drive, 3D, EV 110.6 MPH)
|
Batting: RHB Terry Edwards
|
0-0: Called Strike 0-1: Ball 1-1: Ball 2-1: Ball 3-1: Base on Balls
|
Batting: RHB Hank Landers
|
0-0: Ball 1-0: Swinging Strike 1-1: Ball Marlin McPhail steals 3rd, throwing error, E2 Marlin McPhail scores Terry Edwards to third 2-1: Called Strike 2-2: Foul Ball, location: 2F 2-2: Ball 3-2: 2-RUN HOME RUN (Flyball, 78XD, EV 109.4 MPH), Distance : 436 ft
|
Batting: RHB James Dennett
|
0-0: Ball 1-0: Ball 2-0: Ball 3-0: Base on Balls
|
Batting: RHB Bruce Seid
|
0-0: Ball 1-0: Swinging Strike 1-1: Grounds into double play, 4-6-3 (Groundball, 34, EV 89.4 MPH)
|
Bottom of the 5th over - 3 runs, 2 hits, 1 error, 0 left on base; Billings 2 - Magic Valley 4 |
TOP OF THE 6TH |
Billings Mustangs batting - Pitching for Magic Valley Magicians : RHP Larry Beardman
|
Batting: RHB Randy Day
|
0-0: Ball 1-0: Ball 2-0: Called Strike 2-1: Foul Ball, location: 2F 2-2: SOLO HOME RUN (Flyball, 78XD, EV 94.4 MPH), Distance : 440 ft
|
Batting: RHB Leonidas Nolasco
|
0-0: Foul Ball, location: 2F 0-1: Ball 1-1: Ground out 6-3 (Groundball, 6, EV 104.4 MPH)
|
Batting: RHB Brian Milner
|
0-0: SINGLE (Groundball, 5S, EV 67.5 MPH) (infield hit)
|
Batting: RHB Eric Halberg
|
0-0: Ball 1-0: Ball 2-0: Ball 3-0: Base on Balls Brian Milner to second
|
Batting: SHB Terrence Derby
|
0-0: Ball 1-0: Ball 2-0: Ball 3-0: Called Strike 3-1: Base on Balls Brian Milner to third Eric Halberg to second
|
Batting: RHB Joseph Kramer
|
0-0: Called Strike 0-1: Ball 1-1: Ball 2-1: Called Strike 2-2: Foul Ball, location: 2F 2-2: Ball Wild Pitch! Brian Milner scores Eric Halberg to third Terrence Derby to second 3-2: Foul Ball, location: 2F 3-2: Base on Balls
|
Batting: RHB James Hudson
|
0-0: Called Strike 0-1: Ball 1-1: Foul Ball, location: 2F 1-2: Foul Ball, location: 2F 1-2: SINGLE (Line Drive, 9S, EV 88.1 MPH) Eric Halberg scores Terrence Derby to third Joseph Kramer to second Runner from 3rd tries for Home, SAFE, throw by RF to home
|
Batting: LHB Dave Verkuilen
|
0-0: Ball 1-0: Ball 2-0: Ball 3-0: Base on Balls Joseph Kramer to third James Hudson to second
|
Pitching: LHP Thomas Robinson
|
|
Batting: RHB Bob Berry
|
0-0: Called Strike 0-1: Grounds into double play, 1-2-3 (Groundball, P, EV 70.0 MPH)
|
Top of the 6th over - 4 runs, 3 hits, 0 errors, 2 left on base; Billings 6 - Magic Valley 4 |
BOTTOM OF THE 6TH |
Magic Valley Magicians batting - Pitching for Billings Mustangs : LHP Rick Felt
|
Batting: RHB Manny Ramirez
|
0-0: Ball 1-0: Foul Ball, location: 2F 1-1: Ball 2-1: Foul Ball, location: 2F 2-2: Ball 3-2: SINGLE (Groundball, 6MD, EV 100.6 MPH)
|
Batting: RHB Kevin Ward
|
0-0: Called Strike 0-1: Foul Ball, location: 2F 0-2: Ball 1-2: Strikes out swinging
|
Batting: RHB Terry Steinbach
|
0-0: Called Strike 0-1: Foul Ball, location: 2F 0-2: Ball 1-2: Strikes out swinging
|
Batting: RHB Matt Cimo
|
0-0: Ball 1-0: Ball 2-0: Called Strike 2-1: 2-RUN HOME RUN (Flyball, 7D, EV 106.3 MPH), Distance : 364 ft
|
Pitching: RHP Marco Castillo
|
|
Batting: RHB Marlin McPhail
|
0-0: Ball 1-0: Ground out 6-3 (Groundball, 6, EV 81.3 MPH)
|
Bottom of the 6th over - 2 runs, 2 hits, 0 errors, 0 left on base; Billings 6 - Magic Valley 6 |
TOP OF THE 7TH |
Billings Mustangs batting - Pitching for Magic Valley Magicians : LHP Thomas Robinson
|
Batting: RHB Randy Day
|
0-0: Fly out, F4 (Popup, 34, EV 63.8 MPH)
|
Batting: RHB Leonidas Nolasco
|
0-0: Ball 1-0: Foul Ball, location: 2F 1-1: Swinging Strike 1-2: Strikes out swinging
|
Batting: RHB Brian Milner
|
0-0: Called Strike 0-1: Ball 1-1: TRIPLE (Line Drive, 89XD, EV 107.5 MPH)
|
Batting: RHB Eric Halberg
|
0-0: Called Strike 0-1: Ball 1-1: Ground out U3 (Groundball, 34, EV 84.4 MPH)
|
Top of the 7th over - 0 runs, 1 hit, 0 errors, 1 left on base; Billings 6 - Magic Valley 6 |
BOTTOM OF THE 7TH |
Magic Valley Magicians batting - Pitching for Billings Mustangs : RHP Marco Castillo
|
Batting: RHB Terry Edwards
|
0-0: Ball 1-0: Swinging Strike 1-1: Foul Ball, location: 2F 1-2: Foul Ball, location: 2F 1-2: Fly out, F4 (Popup, 3S, EV 84.4 MPH)
|
Batting: RHB Hank Landers
|
0-0: Called Strike 0-1: Foul Ball, location: 2F 0-2: Ball 1-2: Fly out, F4 (Popup, 3S, EV 75.0 MPH)
|
Batting: RHB James Dennett
|
0-0: Ball 1-0: Foul Ball, location: 2F 1-1: Foul Ball, location: 2F 1-2: Ball 2-2: SOLO HOME RUN (Flyball, 78XD, EV 108.8 MPH), Distance : 420 ft
|
Batting: RHB Bruce Seid
|
0-0: Called Strike 0-1: SINGLE (Groundball, 56D, EV 101.3 MPH)
|
Batting: RHB Manny Ramirez
|
0-0: Called Strike 0-1: Ball 1-1: Ball 2-1: Ball 3-1: Foul Ball, location: 2F 3-2: SINGLE (Groundball, 56D, EV 106.3 MPH) Bruce Seid to second Bruce Seid to third
|
Batting: RHB Kevin Ward
|
0-0: Ball 1-0: Called Strike 1-1: Ball 2-1: Called Strike 2-2: Ball 3-2: Strikes out swinging
|
Bottom of the 7th over - 1 run, 3 hits, 0 errors, 2 left on base; Billings 6 - Magic Valley 7 |
TOP OF THE 8TH |
Billings Mustangs batting - Pitching for Magic Valley Magicians : LHP Thomas Robinson
|
Batting: SHB Terrence Derby
|
0-0: Fly out, F7 (Flyball, 7D, EV 81.3 MPH)
|
Batting: RHB Joseph Kramer
|
0-0: Ball 1-0: Ball 2-0: Foul Ball, location: 2F 2-1: Called Strike 2-2: Ball 3-2: Base on Balls
|
Batting: RHB James Hudson
|
0-0: Ball 1-0: Ball 2-0: Ball 3-0: Called Strike 3-1: DOUBLE (Line Drive, 9LD, EV 112.5 MPH) Joseph Kramer to third
|
Pinch Hitting: RHB Frank Meraz
|
0-0: Fly out, F7 (Flyball, 7LD, EV 94.4 MPH) Runner from 3rd tags up, SCORES, no throw by LF
|
Batting: RHB Bob Berry
|
0-0: Foul Ball, location: 2F 0-1: Ball 1-1: Ball 2-1: Swinging Strike 2-2: Ball Wild Pitch! James Hudson to third 3-2: Base on Balls
|
Batting: RHB Randy Day
|
0-0: Ball 1-0: Ball 2-0: Fly out, F8 (Flyball, 8RD, EV 97.5 MPH)
|
Top of the 8th over - 1 run, 1 hit, 0 errors, 2 left on base; Billings 7 - Magic Valley 7 |
BOTTOM OF THE 8TH |
Magic Valley Magicians batting - Pitching for Billings Mustangs : RHP Marco Castillo
|
Now at 1B: Dave Rosenhahn
|
|
Batting: RHB Terry Steinbach
|
0-0: Foul Ball, location: 2F 0-1: Swinging Strike 0-2: Ball 1-2: Foul Ball, location: 2F 1-2: Fly out, F8 (Flyball, 8RD, EV 85.6 MPH)
|
Batting: RHB Matt Cimo
|
0-0: Ground out 6-3 (Groundball, 6, EV 80.0 MPH)
|
Batting: RHB Marlin McPhail
|
0-0: Ball 1-0: Foul Ball, location: 2F 1-1: Called Strike 1-2: Ball 2-2: Ground out 4-3 (Groundball, 34, EV 105.6 MPH)
|
Bottom of the 8th over - 0 runs, 0 hits, 0 errors, 0 left on base; Billings 7 - Magic Valley 7 |
TOP OF THE 9TH |
Billings Mustangs batting - Pitching for Magic Valley Magicians : LHP Thomas Robinson
|
Batting: RHB Leonidas Nolasco
|
0-0: Ball 1-0: Fly out, F9 (Flyball, 89M, EV 85.6 MPH)
|
Batting: RHB Brian Milner
|
0-0: Ball 1-0: Called Strike 1-1: Swinging Strike 1-2: Foul Ball, location: 2F 1-2: SINGLE (Flyball, 6D, EV 93.1 MPH)
|
Pinch Hitting: RHB Howard Meier
|
0-0: Ball 1-0: Ball 2-0: Called Strike 2-1: Foul Ball, location: 2F 2-2: Ball 3-2: Ground out 6-3 (Groundball, 6, EV 103.1 MPH) Brian Milner to second
|
Batting: SHB Terrence Derby
|
0-0: Ball 1-0: Ball 2-0: Called Strike 2-1: Ball 3-1: Base on Balls
|
Batting: RHB Joseph Kramer
|
0-0: Ball 1-0: Reached on error, E6 (Groundball, 6, EV 106.3 MPH) Brian Milner to third Terrence Derby to second
|
Batting: RHB James Hudson
|
0-0: GRAND SLAM HOME RUN (Flyball, 7LD, EV 95.6 MPH), Distance : 363 ft
|
Batting: RHB Dave Rosenhahn
|
0-0: Foul Ball, location: 2F 0-1: Reached on error, E6 (Groundball, 6, EV 86.9 MPH)
|
Batting: RHB Bob Berry
|
0-0: Called Strike 0-1: Foul Ball, location: 2F 0-2: Ground out 1-3 (Groundball, 15S, EV 60.0 MPH)
|
Top of the 9th over - 4 runs, 2 hits, 2 errors, 1 left on base; Billings 11 - Magic Valley 7 |
BOTTOM OF THE 9TH |
Magic Valley Magicians batting - Pitching for Billings Mustangs : RHP Marco Castillo
|
Now at C: Joel Chavous
|
|
Batting: RHB Terry Edwards
|
0-0: Ball 1-0: Foul Ball, location: 2F 1-1: Ball 2-1: Ball 3-1: Ground out 5-3 (Groundball, 15, EV 77.5 MPH)
|
Batting: RHB Hank Landers
|
0-0: Ball 1-0: Ball 2-0: Called Strike 2-1: Ground out 4-3 (Groundball, 4, EV 88.1 MPH)
|
Batting: RHB James Dennett
|
0-0: Ball 1-0: Ball 2-0: Called Strike 2-1: SINGLE (Groundball, 56D, EV 101.3 MPH)
|
Batting: RHB Bruce Seid
|
0-0: Ball 1-0: Called Strike 1-1: SINGLE (Groundball, 5D, EV 106.3 MPH) James Dennett to second
|
Batting: RHB Manny Ramirez
|
0-0: Swinging Strike 0-1: Foul Ball, location: 2F 0-2: Foul Ball, location: 2F 0-2: Ball 1-2: Ball 2-2: Ball 3-2: Base on Balls James Dennett to third Bruce Seid to second
|
Pitching: RHP Jeffery Stewart
|
|
Batting: RHB Kevin Ward
|
0-0: Ball 1-0: Foul Ball, location: 2F 1-1: GRAND SLAM HOME RUN (Flyball, 7D, EV 90.6 MPH), Distance : 354 ft
|
Batting: RHB Terry Steinbach
|
0-0: Ball 1-0: Ball 2-0: Ball 3-0: Base on Balls
|
Batting: RHB Matt Cimo
|
0-0: Ball 1-0: Ball 2-0: Ball 3-0: Called Strike 3-1: Swinging Strike 3-2: Strikes out swinging
|
Bottom of the 9th over - 4 runs, 3 hits, 0 errors, 1 left on base; Billings 11 - Magic Valley 11 |
TOP OF THE 10TH |
Billings Mustangs batting - Pitching for Magic Valley Magicians : LHP Thomas Robinson
|
Pitching: RHP Ramon Jimenez
|
|
Batting: RHB Randy Day
|
0-0: Foul Ball, location: 2F 0-1: Called Strike 0-2: Fly out, F8 (Flyball, 8RM, EV 81.9 MPH)
|
Batting: RHB Leonidas Nolasco
|
0-0: Called Strike 0-1: Ball 1-1: Ball 2-1: Foul Ball, location: 2F 2-2: Ball 3-2: Fly out, F9 (Line Drive, 9D, EV 89.4 MPH)
|
Pinch Hitting: SHB Joe Arfstrom
|
0-0: Ground out 4-3 (Groundball, 4, EV 85.6 MPH)
|
Top of the 10th over - 0 runs, 0 hits, 0 errors, 0 left on base; Billings 11 - Magic Valley 11 |
BOTTOM OF THE 10TH |
Magic Valley Magicians batting - Pitching for Billings Mustangs : RHP Jeffery Stewart
|
Now in RF: Kenneth Briggs
|
|
Batting: RHB Marlin McPhail
|
0-0: Foul Ball, location: 2F 0-1: Ball 1-1: Swinging Strike 1-2: Foul Ball, location: 2F 1-2: Ball 2-2: Ball 3-2: SINGLE (Groundball, 4MD, EV 106.3 MPH)
|
Batting: RHB Terry Edwards
|
0-0: Ball 1-0: Foul Ball, location: 2F 1-1: Swinging Strike 1-2: Ball 2-2: Strikes out swinging
|
Batting: RHB Hank Landers
|
0-0: Called Strike 0-1: Fielders Choice at 2nd, 4-6 (Groundball, 34, EV 106.3 MPH)
|
Pinch Hitting: SHB Bernardo Howard
|
0-0: Called Strike 0-1: Ball 1-1: Ball 2-1: Ball 3-1: Fly out, F9 (Flyball, 9LD, EV 98.1 MPH)
|
Bottom of the 10th over - 0 runs, 1 hit, 0 errors, 1 left on base; Billings 11 - Magic Valley 11 |
TOP OF THE 11TH |
Billings Mustangs batting - Pitching for Magic Valley Magicians : RHP Ramon Jimenez
|
Now at C: Kenny Houp
|
|
Batting: RHB Joel Chavous
|
0-0: Foul Ball, location: 2F 0-1: Ground out 4-3 (Groundball, 4M, EV 80.0 MPH)
|
Batting: SHB Terrence Derby
|
0-0: Ball 1-0: Ball 2-0: Called Strike 2-1: Ball 3-1: Base on Balls
|
Batting: RHB Joseph Kramer
|
0-0: Ball Terrence Derby is caught stealing 2nd base 2-4 1-0: Swinging Strike 1-1: Ball 2-1: SINGLE (Groundball, 6S, EV 70.6 MPH) (infield hit)
|
Batting: RHB James Hudson
|
0-0: Ball 1-0: Ball 2-0: SINGLE (Groundball, 15S, EV 72.5 MPH) (infield hit) Joseph Kramer to second
|
Batting: RHB Dave Rosenhahn
|
0-0: Foul Ball, location: 2F 0-1: Ball 1-1: Foul Ball, location: 2F 1-2: Strikes out swinging
|
Top of the 11th over - 0 runs, 2 hits, 0 errors, 2 left on base; Billings 11 - Magic Valley 11 |
BOTTOM OF THE 11TH |
Magic Valley Magicians batting - Pitching for Billings Mustangs : RHP Jeffery Stewart
|
Pinch Hitting: RHB Jason Felice
|
0-0: Called Strike 0-1: Ball 1-1: Foul Ball, location: 2F 1-2: Strikes out looking
|
Batting: RHB Manny Ramirez
|
0-0: Called Strike 0-1: Ball 1-1: Ball 2-1: Foul Ball, location: 2F 2-2: Ball 3-2: Strikes out swinging
|
Batting: RHB Kevin Ward
|
0-0: Called Strike 0-1: Ball 1-1: Swinging Strike 1-2: Ball 2-2: Strikes out swinging
|
Bottom of the 11th over - 0 runs, 0 hits, 0 errors, 0 left on base; Billings 11 - Magic Valley 11 |
TOP OF THE 12TH |
Billings Mustangs batting - Pitching for Magic Valley Magicians : RHP Ramon Jimenez
|
Now at 2B: Fred Bogart
|
|
Batting: RHB Bob Berry
|
0-0: Ball 1-0: Ball 2-0: Called Strike 2-1: Ball 3-1: Base on Balls
|
Batting: RHB Randy Day
|
0-0: Ball 1-0: Ball 2-0: Ball 3-0: Called Strike 3-1: Base on Balls Bob Berry to second
|
Batting: RHB Leonidas Nolasco
|
0-0: Ball 1-0: Foul Ball, location: 2F 1-1: Fly out, F6 (Flyball, 56D, EV 86.9 MPH)
|
Batting: RHB Kenneth Briggs
|
0-0: Called Strike 0-1: Ball 1-1: Fly out, F8 (Flyball, 89D, EV 90.0 MPH) Runner from 2nd tags up, SAFE at 3rd, no throw by CF
|
Batting: RHB Joel Chavous
|
0-0: Ball 1-0: Ball 2-0: Called Strike 2-1: Called Strike 2-2: DOUBLE (Flyball, 8RXD, EV 86.3 MPH) Bob Berry scores Randy Day to third Runner from 3rd tries for Home, SAFE, throw by CF to home
|
Batting: SHB Terrence Derby
|
0-0: Intentional Walk
|
Batting: RHB Joseph Kramer
|
0-0: Ball 1-0: Fly out, F8 (Flyball, 8RM, EV 90.0 MPH)
|
Top of the 12th over - 2 runs, 1 hit, 0 errors, 2 left on base; Billings 13 - Magic Valley 11 |
BOTTOM OF THE 12TH |
Magic Valley Magicians batting - Pitching for Billings Mustangs : RHP Jeffery Stewart
|
Batting: RHB Terry Steinbach
|
0-0: Ball 1-0: SINGLE (Groundball, 4MD, EV 88.1 MPH) (infield hit)
|
Batting: RHB Matt Cimo
|
0-0: Called Strike 0-1: Ball 1-1: Ball 2-1: Ball 3-1: DOUBLE (Line Drive, 78M, EV 90.6 MPH) Terry Steinbach to third
|
Batting: RHB Marlin McPhail
|
0-0: Ball 1-0: Ball 2-0: Ball 3-0: Base on Balls
|
Batting: RHB Terry Edwards
|
0-0: Ball 1-0: Called Strike 1-1: Foul Ball, location: 2F 1-2: Strikes out swinging
|
Pitching: RHP Jim Hickey
|
|
Batting: RHB Hank Landers
|
0-0: SINGLE (Line Drive, 34D, EV 95.0 MPH) Terry Steinbach scores Matt Cimo to third Marlin McPhail to second Runner from 3rd tries for Home, SAFE, throw by RF to home
|
Batting: RHB Kenny Houp
|
0-0: Ball 1-0: Ball 2-0: Foul Ball, location: 2F 2-1: Foul Ball, location: 2F 2-2: SINGLE (Groundball, 6MD, EV 98.1 MPH) Marlin McPhail to third Hank Landers to second Runner from 3rd tries for Home, SAFE, throw by CF to home
|
Bottom of the 12th over - 3 runs, 4 hits, 0 errors, 0 left on base; Billings 13 - Magic Valley 14 |
|